 Dungeon Crawl Stone Soup version 0.25.0-11-g1f837a76a1 (webtiles) character file.

Game seed: 17136894610382588927

6265 funkygono the Basher (level 10, -9/89 HPs)
             Began as a Minotaur Fighter on June 27, 2020.
             Was a Believer of the Shining One.
             Killed from afar by an electric eel (12 damage)
             ... with a bolt of electricity
             ... on level 9 of the Dungeon.
             The game lasted 00:21:45 (8211 turns).

funkygono the Basher (Minotaur Fighter)             Turns: 8211, Time: 00:21:46

Health: -9/89      AC: 12    Str: 24    XL:     10   Next: 62%
Magic:  18/18      EV:  9    Int:  5    God:    the Shining One [**....]
Gold:   487        SH: 12    Dex: 10    Spells: 9/9 levels left

rFire    + . .     SeeInvis +   E - +2 flail (holy)
rCold    . . .     Gourm    .   c - +0 kite shield
rNeg     + . .     Faith    .   F - +2 chain mail {rF+}
rPois    .         Spirit   .   (helmet restricted)
rElec    .         Reflect  .   (no cloak)
rCorr    .         Harm     .   (no gloves)
MR       .....                  (no boots)
Stlth    ..........             y - amulet of regeneration
HPRegen  0.64/turn              h - ring of see invisible
MPRegen  0.16/turn              w - ring of magical power

@: glowing
A: retaliatory headbutt, horns 2
a: Divine Shield, Renounce Religion


You were on level 9 of the Dungeon.
You worshipped the Shining One.
The Shining One was pleased with you.
You were not hungry.

You visited 2 branches of the dungeon, and saw 10 of its levels.
You also visited: Sewer.

You collected 487 gold pieces.

Inventory:

Hand Weapons
 a - a +1 flail
 E - a +2 flail of holy wrath (weapon)
 J - a +0 whip of freezing
Missiles
 t - 49 bolts
Armour
 b - a +0 scale mail
 c - a +0 kite shield (worn)
 o - a +0 troll leather armour
 F - a +2 chain mail of fire resistance (worn)
 G - a +0 plate armour
 I - +0 steam dragon scales
Magical Staves
 l - an uncursed staff of summoning {unknown}
 K - an uncursed staff of summoning {unknown}
Jewellery
 h - a ring of see invisible (left hand)
 m - an uncursed ring of fire
 u - an uncursed ring of flight
 w - a ring of magical power (right hand)
 y - an amulet of regeneration (around neck)
Wands
 i - a wand of flame (5)
 q - a wand of iceblast (9)
 x - a wand of acid (5)
 C - a wand of polymorph (20)
 H - a wand of paralysis (6)
Scrolls
 e - 6 scrolls of teleportation
 p - 2 scrolls of blinking
 z - a scroll of fear
 D - 2 scrolls of remove curse
Potions
 d - 2 potions of might
 g - a potion of cancellation
 j - 2 potions of stabbing
 k - a potion of haste
 n - 4 potions of curing
 r - a potion of lignification {unknown}
 s - a potion of degeneration {unknown}
 A - 2 potions of mutation
 B - 2 potions of heal wounds
Comestibles
 f - 21 rations
 v - 17 chunks of flesh


   Skills:
 + Level 8.3 Fighting
 + Level 11.8 Maces & Flails
 + Level 7.1 Armour
 + Level 5.3 Dodging
 + Level 1.5 Stealth
 + Level 10.3 Shields
 + Level 1.1 Invocations


You had 9 spell levels left.
You didn't know any spells.
Your spell library contained the following spells:

 Spells                   Type           Power        Failure   Level  Hunger
 Freeze                   Ice            #...         99%         1    ##.....
 Summon Small Mammal      Summ           #...         99%         1    ##.....
 Call Imp                 Summ           #.......     100%        2    ###....
 Call Canine Familiar     Summ           #.......     100%        3    ####...
 Frozen Ramparts          Ice            #.....       100%        3    ####...
 Ozocubu's Armour         Chrm/Ice       #.......     100%        3    ####...
 Summon Guardian Golem    Hex/Summ       #.......     100%        3    ####...
 Hailstorm                Conj/Ice       #.......     100%        4    #####..
 Summon Ice Beast         Ice/Summ       #.......     100%        4    #####..
 Summon Lightning Spire   Summ/Air       #.......     100%        4    #####..


Dungeon Overview and Level Annotations

Branches:
Dungeon (9/15)             Temple (1/1) D:4           Sewer (visited)
   Lair: D:8-11         Orc: D:9-12

Altars:
Ashenzari
Cheibriados
Dithmenos
Elyvilon
Fedhas
Gozag
Hepliaklqana
Kikubaaqudgha
Makhleb
Nemelex Xobeh
Okawaru
Qazlal
Ru
Sif Muna
Trog
Uskayaw
Vehumet
Wu Jian
Xom
Yredelemnul
Zin
The Shining One

Shops:
D:8 !


Innate Abilities, Weirdness & Mutations

You reflexively headbutt those who attack you in melee.
You have a pair of horns on your head.


Message History

Things that are here:
a +0 dagger; a +0 robe There isn't anything to butcher here.
The electric eel shoots out a bolt of lightning at you!
The bolt of electricity hits you!
* * * LOW HITPOINT WARNING * * *
Things that are here:
a +0 whip; an orc corpse
Things that are here:
a +0 dagger; a +0 robe The orc priest mumbles some strange prayers to Beogh against you.
Beogh smites you!
* * * LOW HITPOINT WARNING * * *
Items here: ))) [[ ††† The electric eel shoots out a bolt of lightning at you!
The bolt of electricity hits you!
* * * LOW HITPOINT WARNING * * *
The electric eel shoots out a bolt of lightning at you!
The bolt of electricity hits you!
You die...

........#....##.#.
.............#.....
............÷#.##..
≈≈≈≈≈≈8....<......
≈≈≈≈≈8≈.o..[......
#########'.≈≈...........
.........#.≈≈..........#
.........##≈≈...<.....#.
.......@.)))............
........)##≈≈...........
.........#.≈≈...........
#########'.≈≈...#.......
≈≈;≈8≈..###......
≈≈;≈≈≈8..# ......
..........# ..##..
#..###...## .....


You could see an electric eel.

Vanquished Creatures
  A two-headed ogre (D:8)
  Maggie (D:8)
  A queen bee (D:8)
  2 hornets (D:7)
  Sigmund (D:4)
  2 yaks (D:8)
  Menkaure (D:6)
  Edmund (D:6)
  Duvessa (D:7)
  3 orc warriors
  A phantom (D:8)
  3 ogres
  3 centaurs
  3 bullfrogs
  Dowan (D:7)
  3 scorpions
  A wyvern skeleton (D:7)
  16 killer bees (D:8)
  A howler monkey (D:4)
  4 wights
  2 crimson imps
  A quasit (D:7)
  A jelly (D:8)
  A centaur zombie (D:8)
  4 hounds
  5 orc priests
  A bullfrog skeleton (D:6)
  24 orc wizards
  An iguana (D:7)
  Ijyb (D:4)
  9 worker ants
  A worker ant zombie (D:5)
  A howler monkey zombie (D:8)
  7 gnolls
  11 adders
  A howler monkey skeleton (D:8)
  2 river rats (D:5)
  3 shadow imps (D:7)
  An ooze (D:4)
  An adder skeleton (D:8)
  3 worms
  4 leopard geckos
  41 orcs
  17 giant cockroaches
  6 goblins
  6 hobgoblins
  16 jackals
  10 kobolds
  4 quokkas
  5 ball pythons
  A ball python skeleton (D:6)
  10 bats
  10 frilled lizards
  A leopard gecko skeleton (D:7)
  A quokka skeleton (D:8)
  A quokka zombie (D:7)
  6 rats
  2 plants (Sewer)
272 creatures vanquished.

Vanquished Creatures (others)
  An orc (D:9)
1 creature vanquished.

Grand Total: 273 creatures vanquished

Notes
Turn   | Place    | Note
-------+----------+-------------------------------------------
     0 | D:1      | funkygono the Minotaur Fighter began the quest for the Orb.
     0 | D:1      | Reached XP level 1. HP: 19/19 MP: 0/0
   102 | D:1      | Reached XP level 2. HP: 23/27 MP: 1/1
   696 | D:2      | Reached XP level 3. HP: 28/33 MP: 2/2
   783 | D:2      | Reached skill level 3 in Maces & Flails
   858 | D:2      | Reached XP level 4. HP: 40/40 MP: 3/3
   868 | D:2      | Reached skill level 5 in Shields
  1321 | D:3      | Reached skill level 1 in Dodging
  1389 | D:3      | Reached skill level 4 in Maces & Flails
  1389 | D:3      | Reached XP level 5. HP: 46/46 MP: 4/4
  2128 | D:4      | Noticed Ijyb
  2130 | D:4      | Noticed an ogre
  2135 | D:4      | Killed Ijyb
  2138 | D:4      | Killed an ogre
  2138 | D:4      | Reached skill level 5 in Maces & Flails
  2138 | D:4      | Reached XP level 6. HP: 32/52 MP: 5/5
  2183 | D:4      | Found a staircase to the Ecumenical Temple.
  2197 | Temple   | Entered the Ecumenical Temple
  2310 | Temple   | Became a worshipper of the Shining One
  2730 | D:4      | Reached XP level 7. HP: 60/60 MP: 6/6
  2763 | D:4      | Noticed Sigmund
  2767 | D:4      | Killed Sigmund
  2767 | D:4      | Reached skill level 6 in Maces & Flails
  2767 | D:4      | Reached skill level 1 in Stealth
  3055 | D:5      | Entered Level 5 of the Dungeon
  3100 | D:5      | Reached skill level 5 in Fighting
  3198 | D:5      | Found a glowing drain.
  3221 | Sewer    | Entered a sewer
  4026 | D:5      | Reached skill level 7 in Maces & Flails
  4026 | D:5      | Reached XP level 8. HP: 65/68 MP: 7/7
  4840 | D:6      | Noticed Menkaure
  4840 | D:6      | Reached * piety under the Shining One
  4845 | D:6      | Killed Menkaure
  5043 | D:6      | Reached skill level 5 in Armour
  5119 | D:6      | Reached skill level 8 in Maces & Flails
  5174 | D:6      | Noticed Edmund
  5206 | D:6      | Killed Edmund
  5290 | D:6      | Reached XP level 9. HP: 50/75 MP: 8/8
  5737 | D:7      | Reached skill level 9 in Maces & Flails
  5749 | D:7      | Found an iron altar of Okawaru.
  5913 | D:7      | Found a sparkling altar of Nemelex Xobeh.
  5980 | D:7      | Found a sparkling altar of Nemelex Xobeh.
  6082 | D:7      | Reached ** piety under the Shining One
  6091 | D:7      | Reached skill level 10 in Maces & Flails
  6106 | D:7      | Noticed Dowan
  6109 | D:7      | Noticed Duvessa
  6121 | D:7      | Killed Duvessa
  6123 | D:7      | Killed Dowan
  6565 | D:7      | Found a hide-covered altar of Uskayaw.
  6565 | D:7      | Found a stormy altar of Qazlal.
  6707 | D:8      | Found a shattered altar of Ashenzari.
  6795 | D:8      | Noticed Maggie
  6809 | D:8      | Killed Maggie
  6884 | D:8      | Found a white marble altar of Elyvilon.
  6885 | D:8      | Noticed a two-headed ogre
  6888 | D:8      | Found a snail-covered altar of Cheibriados.
  6891 | D:8      | Killed a two-headed ogre
  6891 | D:8      | Reached skill level 11 in Maces & Flails
  6891 | D:8      | Reached XP level 10. HP: 74/86 MP: 9/9
  7190 | D:8      | Reached skill level 5 in Dodging
  7295 | D:8      | Reached skill level 1 in Invocations
  7383 | D:8      | Reached skill level 10 in Shields
  7548 | D:8      | Found Viweseixt's Distillery.
  7823 | D:8      | Reached *** piety under the Shining One
  8210 | D:9      | HP: 2/89 [electric eel/bolt of electricity (15)]
  8211 | D:9      | Killed from afar by an electric eel

Illustrated notes

Levels and vault maps discovered:
D:1:      lemuel_arrival_cross, layout_basic, hex_intersection
D:2:      minmay_roachtagon, layout_rooms
D:3:      layout_loops_cross
D:4:      layout_loops_ring, minmay_temple_entry_mist,
          eino_small_chamber_without_monster, fountainhead,
          hangedman_decor_growths, minmay_cut_off, uniq_sigmund, uniq_ijyb
D:5:      layout_cave_pods, portal_sewer_entry_a, first_ration,
          chequers_decorated_corner
D:6:      minmay_flawed_box, layout_loops_corners, uniq_menkaure, uniq_edmund
D:7:      layout_loops_ring, okawaru_trees_1, nemelex_xobeh_ov_fountains_minmay,
          minitemple, nemelex_diamond_rough_becter, uniq_duvessa
D:8:      layout_basic, lemuel_crystal_altar, grunt_temple_overflow_open,
          serial_shops, kennysheep_mini, david_nohive_1, minmay_misc_feat_rows,
          kennysheep_generic_room_10, uniq_maggie
D:9:      layout_layer_cave, erik_orc_2, basic_altar
Temple:   regret_index_temple_waves

Skill      XL: |  1  2  3  4  5  6  7  8  9 10 |
---------------+-------------------------------+-----
Armour         | 4 5 6 7 |  7.1
Shields        | 4 5 6 7 8 9 10 | 10.3
Maces & Flails | 3 4 5 7 8 11 | 11.8
Fighting       | 4 5 6 7 8 |  8.3
Dodging        | 1 2 3 4 5 |  5.3
Stealth        | 1 |  1.5
Invocations    | 1 |  1.1

Action                   |  1- 3 |  4- 6 |  7- 9 | 10-12 || total
-------------------------+-------+-------+-------+-------++-------
Melee: Flail             |   104 |   160 |   263 |   174 ||   701
       Headbutt          |    11 |    31 |   108 |    20 ||   170
       Whip              |       |       |   217 |       ||   217
Invok: Divine Shield     |       |       |     1 |     4 ||     5
Evoke: Wand              |       |       |     1 |       ||     1
  Use: Scroll            |     2 |     8 |     7 |     1 ||    18
       Potion            |       |       |       |     3 ||     3
  Eat: Chunk             |       |     6 |    15 |     4 ||    25
Armor: Scale mail        |    80 |     6 |       |       ||    86
       Troll leather arm |       |    36 |    24 |       ||    60
       Chain mail        |       |       |    70 |    55 ||   125
Dodge: Dodged            |    41 |    53 |    93 |    88 ||   275
Block: Kite shield       |    67 |    87 |   182 |   157 ||   493
